 Dungeon Crawl Stone Soup version 0.23-a0-608-g7a20e1320a (webtiles) character file.

164582 Multipenetrator the Brawler (level 17, -24/182 HPs)
             Began as a Troll Fighter on Dec 21, 2018.
             Was a High Priest of Ru.
             Annihilated by a golden dragon simulacrum (26 damage)
             ... in an ice cave.
             The game lasted 03:04:58 (26157 turns).

Multipenetrator the Brawler (Troll Fighter)        Turns: 26157, Time: 03:04:59

Health: -24/182    AC: 13    Str: 32    XL:     17   Next: 26%
Magic:  13/14      EV:  9    Int:  2    God:    Ru [*****.]
Gold:   1964       SH: 17    Dex: 10    Spells: 15/16 levels left

rFire    . . .     SeeInvis +     - Unarmed
rCold    + . .     Gourm    +   u - +0 shield
rNeg     + . .     Faith    .   a - +0 pearl dragon scales
rPois    .         Spirit   .   X - +0 hat {SInv}
rElec    .         Reflect  +   j - scarf {repulsion}
rCorr    .         Harm     .   (gloves unavailable)
MR       +....                  (boots unavailable)
Stlth    ..........             B - +5 amulet of reflection
HPRegen  0.80/turn              P - +5 ring of slaying
MPRegen  0.14/turn              F - ring of protection from cold

@: confusing touch, no scrolls, repel missiles
A: large, unfitting armour, claws 3, dopey 1, fast metabolism 3, gourmand, low
mp 1, regeneration 1, screaming 1, shaggy fur 1, tough skin 2, inability to read
while threatened, inability to use devices, hated by all
a: Draw Out Power, Power Leap, Apocalypse, Renounce Religion


You were in an ice cave.
You worshipped Ru.
Ru was extremely pleased with you.
You were not hungry.

You visited 5 branches of the dungeon, and saw 26 of its levels.
You visited 1 bazaar.
You also visited: Bailey, Gauntlet and Ice Cave.

You collected 3688 gold pieces.
You spent 1724 gold pieces at shops.

Inventory:

Hand Weapons
 b - the +10 mace "Ludiz" {crush, MR- Str+8}
   (You found it on level 5 of the Dungeon)

   It inflicts extra damage upon your enemies.
   It affects your strength (+8).
   It affects your resistance to hostile enchantments.
Missiles
 z - 26 large rocks (quivered)
Armour
 a - +0 pearl dragon scales (worn)
 j - a scarf of repulsion (worn)
 u - a +0 shield (worn)
 X - a +0 hat of see invisible (worn)
Jewellery
 e - the ring of Xiameat {*Tele rElec MR+ Int+3}
   (You found it in a Gauntlet)

   [ring of teleportation]

   It may teleport you next to monsters.
   It affects your intelligence (+3).
   It insulates you from electricity.
   It affects your resistance to hostile enchantments.
 p - an uncursed ring of resist corrosion
 B - a +5 amulet of reflection (around neck)
 C - an uncursed ring of poison resistance
 F - a ring of protection from cold (right claw)
 P - a +5 ring of slaying (left claw)
Scrolls
 f - 13 scrolls of teleportation
 h - 3 scrolls of immolation {unknown}
 i - 4 scrolls of enchant armour {unknown}
 k - 2 scrolls of magic mapping
 l - 5 scrolls of amnesia
 o - 13 scrolls of remove curse
 q - 7 scrolls of enchant weapon
 w - 2 scrolls of random uselessness {unknown}
 y - 3 scrolls of fog {unknown}
 G - a scroll of noise {unknown}
 H - a scroll of identify
 I - a scroll of acquirement {unknown}
 J - 3 scrolls of blinking {unknown}
 L - a scroll of torment {unknown}
 M - 3 scrolls of holy word {unknown}
 Q - 2 scrolls of summoning {unknown}
 R - a scroll of silence {unknown}
Potions
 c - a potion of might
 g - 7 potions of brilliance
 m - 5 potions of lignification
 n - 5 potions of heal wounds {unknown}
 r - 2 potions of resistance
 s - 5 potions of curing
 t - 3 potions of agility
 v - 2 potions of flight
 A - 2 potions of magic
 D - a potion of cancellation {unknown}
 E - 2 potions of haste
 K - 2 potions of ambrosia
 N - 2 potions of berserk rage {unknown}
 O - 4 potions of mutation
 U - a potion of invisibility {unknown}
Comestibles
 d - 38 rations


   Skills:
 * Level 14.5 Fighting
 - Level 2.5 Maces & Flails
 - Level 1.1 Throwing
 - Level 3.6 Dodging
 - Level 0.6 Stealth
 - Level 9.0 Shields
 + Level 20.9 Unarmed Combat
 + Level 6.3 Hexes


You had 15 spell levels left.
You knew the following spells:

 Your Spells              Type           Power        Failure   Level  Hunger
a - Confusing Touch       Hex            #.....       12%         1    ##.....

Your spell library contained the following spells:

 Spells                   Type           Power        Failure   Level  Hunger
 Corona                   Hex            #......      12%         1    ##.....
 Confuse                  Hex            #.......     34%         3    ####...
 Tukima's Dance           Hex            #.......     34%         3    ####...
 Ensorcelled Hibernation  Hex/Ice        #.....       54%         2    ###....
 Dazzling Spray           Conj/Hex       #.....       78%         3    ####...
 Apportation              Tloc           #.....       85%         1    ##.....
 Gell's Gravitas          Tloc           #.........   99%         3    ####...
 Petrify                  Tmut/Erth      #.......     100%        4    #####..
 Metabolic Englaciation   Hex/Ice        #.........   100%        5    ######.
 Yara's Violent Unravell  Hex/Tmut       #.........   100%        5    ######.
 Summon Guardian Golem    Hex/Summ       Unusable     N/A         3    N/A
 Animate Skeleton         Necr           Unusable     N/A         1    N/A
 Summon Butterflies       Summ           Unusable     N/A         1    N/A
 Summon Small Mammal      Summ           Unusable     N/A         1    N/A
 Call Imp                 Summ           Unusable     N/A         2    N/A
 Call Canine Familiar     Summ           Unusable     N/A         3    N/A
 Summon Ice Beast         Ice/Summ       Unusable     N/A         4    N/A
 Summon Lightning Spire   Summ/Air       Unusable     N/A         4    N/A
 Summon Mana Viper        Hex/Summ       Unusable     N/A         5    N/A
 Summon Hydra             Summ           Unusable     N/A         7    N/A

Dungeon Overview and Level Annotations

Branches:
Dungeon (15/15)            Temple (0/1) D:7            Lair (6/6) D:9
  Swamp (1/4) Lair:4        Snake (0/4) Lair:4        Slime (0/5) Lair:5
    Orc (2/2) D:12            Elf (0/3) Orc:2        Vaults (0/5) D:14
 Depths (2/5) D:15

Altars:
Cheibriados
Dithmenos
Fedhas
Gozag
Kikubaaqudgha
Nemelex Xobeh
Okawaru
Ru
Trog
Uskayaw
Yredelemnul
Beogh

Shops:
D:7 %   D:11 (   D:14 (   Orc:1 %:   Orc:2 =(**=

Portals:
Hell: Depths:1
Ziggurat: Depths:1


Innate Abilities, Weirdness & Mutations

You are too large for most types of armour.
You have claws for hands.
You are dopey. (Int -2)
Your metabolism is lightning-fast.
You like to eat raw meat.
Your magical capacity is low. (-10% MP)
Your natural rate of healing is unusually fast.
You occasionally shout uncontrollably at your foes.
You are covered in fur. (AC +1)
You have very tough skin. (AC +2)
You cannot read scrolls while threatened.
You cannot study or use magical devices.
You are hated by all.


Message History

Unknown command.
You eviscerate the ufetubus!!!
You kill the ufetubus!
Casting: Confusing Touch (safe; 12% risk of failure)
Confirm with . or Enter, or press ? or * to list all spells.
Your claws begin to glow red.
The golden dragon simulacrum bites you!
* * * LOW HITPOINT WARNING * * *
The golden dragon simulacrum freezes you!
You resist.
* * * LOW HITPOINT WARNING * * *
The golden dragon simulacrum claws you!
* * * LOW HITPOINT WARNING * * *
The golden dragon simulacrum freezes you!
You resist.
* * * LOW HITPOINT WARNING * * *
The golden dragon simulacrum tramples you.
* * * LOW HITPOINT WARNING * * *
The golden dragon simulacrum freezes you!!
You resist.
You die...

###..##.####
#####....##
##...##### ##.###
#..### ###
##..### ###
##...## ##..
##.#.### #...
##....####.Z###
#...###.###.Z.###
##...###.####T..#
##...#.####...##
###...##...###
###....### ######


You could see a golden dragon simulacrum and a naga simulacrum.

Vanquished Creatures
  Gastronok (Lair:3)
  4 sphinxes (Depths:1)
  Kirke (D:15)
  A fire giant (Depths:1)
  An orc warlord (Orc:2)
  5 stone giants (Depths:1)
  A minotaur (Gauntlet)
  The ghost of Neqiobe the Geomancer, a journeyman GrEE of Vehumet (Lair:3)
  The ghost of Dayhas the Geomancer, a journeyman GrEE of Vehumet (Lair:3)
  2 ettins
  Josephine (Lair:6)
  2 yaktaur captains
  3 fire dragons (Depths:1)
  3 ice dragons
  2 rakshasas
  7 hydras
  The ghost of mitkoXXVII the Blocker, a journeyman FoAK of Lugonu (D:10)
  3 vault guards (D:14)
  5 centaur warriors
  A catoblepas (Lair:4)
  2 alligators (Swamp:1)
  2 ogre magi
  5 two-headed ogres
  3 deep troll earth magi (Depths:1)
  14 death yaks
  A hell hog (Gauntlet)
  Urug (D:13)
  6 orc high priests
  Sonja (Lair:4)
  4 unseen horrors
  2 flayed ghosts (Depths:1)
  A deep troll (Depths:2)
  A wizard (Depths:1)
  A swamp dragon (shapeshifter) (D:15)
  2 glowing orange brains
  A swamp dragon (Swamp:1)
  A deep elf archer (D:14)
  13 orc knights
  A lindwurm (Lair:6)
  A necromancer (Depths:1)
  43 ugly things
  A deep elf mage (D:12)
  A harpy (Depths:1)
  A wolf spider zombie (D:14)
  An iron dragon zombie (Depths:1)
  7 slime creatures
  6 manticores (Depths:1)
  2 cyclopes
  5 black mambas
  9 elephants
  2 centaur zombies
  3 ice statues
  An apocalypse crab (Gauntlet)
  4 torpor snails
  A guardian serpent (D:15)
  A minotaur zombie (Gauntlet)
  2 rime drakes
  2 gargoyles
  2 centaur skeletons
  9 spiny frogs
  A spriggan skeleton (Depths:1)
  4 komodo dragons
  2 kobold demonologists (D:11)
  3 freezing wraiths (IceCv)
  An anaconda simulacrum (IceCv)
  13 yaktaurs
  8 trolls
  A troll (shapeshifter) (Depths:1)
  A polar bear (shapeshifter) (Depths:2)
  3 ice devils (IceCv)
  3 meliai (D:15)
  9 polar bears
  2 tyrant leeches (Swamp:1)
  6 hornets
  A wind drake (shapeshifter) (D:15)
  18 blink frogs
  7 dream sheep
  A meliai zombie (D:13)
  A dream sheep (shapeshifter) (D:14)
  5 centaur simulacra
  4 hippogriffs
  A deep troll zombie (Depths:1)
  16 spriggans
  A dire elephant simulacrum (IceCv)
  4 hogs (D:15)
  4 water elementals
  Eustachio (D:5)
  Sigmund (D:2)
  5 wraiths (Lair:6)
  A wyvern (Lair:2)
  2 humans
  4 fire bats (Gauntlet)
  35 yaks
  3 hungry ghosts
  3 swamp worms (Swamp:1)
  3 nagas (Lair:4)
  3 wargs
  6 vampire mosquitoes (D:12)
  A harpy simulacrum (IceCv)
  3 iron troll simulacra (IceCv)
  9 hell hounds
  2 soldier ants
  11 water moccasins
  7 porcupines
  37 orc warriors
  7 ice beasts
  A deep troll simulacrum (Depths:1)
  3 black bears
  4 sky beasts
  An alligator simulacrum (IceCv)
  A swamp drake (Swamp:1)
  An eye of draining (D:14)
  3 phantoms
  A black bear (shapeshifter) (D:15)
  4 necrophages
  10 ogres
  38 wolves
  5 boggarts (Lair:6)
  8 centaurs
  12 crocodiles
  2 big kobolds
  Blork the orc (D:5)
  A gnoll sergeant (D:8)
  17 bullfrogs
  A water moccasin zombie (D:9)
  A wyvern zombie (D:13)
  3 scorpions
  17 killer bees
  2 elephant simulacra (IceCv)
  3 wights (D:9)
  6 electric eels
  2 howler monkeys
  9 crimson imps
  3 bullfrog zombies
  5 draconian simulacra (IceCv)
  5 bullfrog skeletons
  28 orc priests
  Crazy Yiuf (D:4)
  7 hounds
  17 jellies
  25 orc wizards
  An iron imp (Depths:1)
  7 hell rats (Lair:1)
  An iguana (D:14)
  12 worker ants
  A spriggan simulacrum (IceCv)
  2 hound zombies
  6 gnolls (D:8)
  2 ogre simulacra (IceCv)
  A worker ant zombie (D:6)
  16 adders
  A naga simulacrum (IceCv)
  22 river rats (Lair:1)
  8 shadow imps
  11 white imps
  4 ufetubi
  2 oozes
  3 worms
  7 leopard geckos
  96 orcs
  2 ball pythons
  5 giant cockroaches
  8 goblins
  6 hobgoblins
  7 jackals
  11 quokkas
  7 bats
  6 frilled lizards
  23 kobolds
  A leopard gecko skeleton (D:4)
  2 quokka skeletons
  18 rats
1023 creatures vanquished.

Vanquished Creatures (others)
  A catoblepas (Depths:1)
  2 hydras
  An ice dragon (Depths:1)
  A manticore (Depths:1)
  2 yaktaurs (Depths:1)
  A komodo dragon (Lair:1)
  A tengu conjurer (D:14)
  A slime creature (Swamp:1)
  A warg (Orc:1)
  An orc warrior (Bailey)
  2 centaurs (D:15)
  An orc (Orc:2)
  A kobold (D:9)
  A rat (Lair:1)
  A fungus (Lair:6)
  11 plants
  3 withered plants
32 creatures vanquished.

Grand Total: 1055 creatures vanquished

Notes
Turn   | Place    | Note
-------+----------+-------------------------------------------
     0 | D:1      | Multipenetrator the Troll Fighter began the quest for the
                  | Orb.
     0 | D:1      | Reached XP level 1. HP: 22/22 MP: 0/0
   200 | D:1      | Reached XP level 2. HP: 23/29 MP: 1/1
   522 | D:1      | Reached XP level 3. HP: 36/36 MP: 2/2
   982 | D:2      | Reached skill level 3 in Unarmed Combat
  1197 | D:2      | Found an opulent altar of Gozag.
  1197 | D:2      | Noticed Sigmund
  1198 | D:2      | Found a sparkling altar of Nemelex Xobeh.
  1210 | D:2      | Killed Sigmund
  1210 | D:2      | Reached skill level 4 in Unarmed Combat
  1210 | D:2      | Reached XP level 4. HP: 32/44 MP: 3/3
  1210 | D:2      | Reached XP level 5. HP: 36/50 MP: 4/4
  2399 | D:4      | Reached XP level 6. HP: 59/59 MP: 5/5
  2413 | D:4      | Reached skill level 5 in Unarmed Combat
  2465 | D:4      | Found a blossoming altar of Fedhas.
  2465 | D:4      | Found an ancient bone altar of Kikubaaqudgha.
  2906 | D:4      | Reached skill level 6 in Unarmed Combat
  3029 | D:4      | Found a runed door.
  3159 | D:4      | Noticed Crazy Yiuf
  3165 | D:4      | Killed Crazy Yiuf
  3165 | D:4      | Reached XP level 7. HP: 66/66 MP: 6/6
  3229 | D:5      | Entered Level 5 of the Dungeon
  3232 | D:5      | Noticed Eustachio
  3286 | D:5      | Noticed Blork the orc
  3299 | D:5      | Killed Blork the orc
  3423 | D:5      | Killed Eustachio
  3423 | D:5      | Reached skill level 7 in Unarmed Combat
  3532 | D:5      | Got a crude mace
  3535 | D:5      | Identified the +10 mace "Ludiz" {crush, MR- Str+8} (You
                  | found it on level 5 of the Dungeon)
  3729 | D:5      | Reached XP level 8. HP: 62/74 MP: 7/7
  4011 | D:6      | Found a bloodstained altar of Trog.
  4019 | D:6      | Found a sacrificial altar of Ru.
  4022 | D:6      | Found a basalt altar of Yredelemnul.
  4028 | D:6      | Became a worshipper of Ru the Awakened
  4036 | D:6      | Found a hide-covered altar of Uskayaw.
  4196 | D:6      | Reached skill level 5 in Shields
  4645 | D:6      | Found an iron altar of Okawaru.
  4888 | D:7      | Found Sagic Sym's Food Boutique.
  5124 | D:7      | Gained mutation: You cannot study or use magical devices.
                  | [Ru sacrifice]
  5124 | D:7      | Reached * piety under Ru
  5124 | D:7      | Reached ** piety under Ru
  5200 | D:7      | Noticed a hippogriff
  5210 | D:7      | Killed a hippogriff
  5337 | D:7      | Found a staircase to the Ecumenical Temple.
  5645 | D:7      | Reached XP level 9. HP: 83/83 MP: 8/8
  6169 | D:8      | Noticed a two-headed ogre
  6177 | D:8      | Killed a two-headed ogre
  6345 | D:8      | Reached skill level 5 in Fighting
  6455 | D:8      | Identified the cursed +0 chain mail of Kury {rCorr Str+2}
  6483 | D:8      | Noticed a two-headed ogre
  6546 | D:8      | Killed a two-headed ogre
  6546 | D:8      | Reached XP level 10. HP: 41/100 MP: 9/9
  7058 | D:9      | Found a staircase to the Lair.
  7058 | D:9      | Noticed a death yak
  7059 | D:9      | Noticed a death yak
  7059 | D:9      | Noticed a death yak
  7299 | D:9      | Gained mutation: You cannot read scrolls while threatened.
                  | [Ru sacrifice]
  7299 | D:9      | Reached *** piety under Ru
  7299 | D:9      | Reached **** piety under Ru
  7307 | D:9      | Reached skill level 1 in Maces & Flails
  7497 | D:9      | Noticed a death yak
  7499 | D:9      | Noticed a death yak
  7539 | D:9      | Killed a death yak
  7572 | D:9      | Killed a death yak
  7572 | D:9      | Reached skill level 8 in Unarmed Combat
  7859 | D:9      | Killed a death yak
  7866 | D:9      | Killed a death yak
  7866 | D:9      | Reached skill level 9 in Unarmed Combat
  7866 | D:9      | Reached XP level 11. HP: 101/111 MP: 10/10
  7878 | D:9      | Killed a death yak
  8017 | D:10     | Entered Level 10 of the Dungeon
  8046 | D:10     | Found a runed door.
  8046 | D:10     | Noticed mitkoXXVII's ghost (journeyman FoAK)
  8455 | D:10     | Reached skill level 10 in Unarmed Combat
  8738 | D:11     | Noticed a soul eater
  9011 | D:11     | Reached skill level 11 in Unarmed Combat
  9078 | D:11     | Gained mutation: Your magical capacity is low. (-10% MP)
                  | [Ru sacrifice]
  9193 | D:11     | Noticed an unseen horror
  9203 | D:11     | Killed an unseen horror
  9280 | D:11     | Found Cepeis's Weapon Shoppe.
  9413 | D:11     | Noticed a four-headed hydra
  9421 | D:11     | Killed a four-headed hydra
  9633 | D:10     | Killed an unseen horror
  9702 | D:10     | Killed mitkoXXVII's ghost
  9702 | D:10     | Reached skill level 12 in Unarmed Combat
  9919 | D:12     | Noticed an orc knight
  9944 | D:12     | Killed an orc knight
 10017 | D:12     | Noticed a deep elf mage
 10029 | D:12     | Killed a deep elf mage
 10031 | D:12     | Reached XP level 12. HP: 90/121 MP: 9/9
 10086 | D:12     | Found a staircase to the Orcish Mines.
 10226 | D:12     | Reached skill level 13 in Unarmed Combat
 10779 | D:12     | Got a fine mace
 10781 | D:12     | Identified the +6 mace of Eternal Harmony {flame, +Blink
                  | rElec Str+6 Dex-3} (You found it on level 12 of the
                  | Dungeon)
 10791 | Orc:1    | Entered Level 1 of the Orcish Mines
 10874 | Orc:1    | Noticed a two-headed ogre
 10880 | Orc:1    | Killed a two-headed ogre
 10899 | Orc:1    | Found Fan Saoj's Food Emporium.
 10951 | Orc:1    | Gained mutation: You are dopey. (Int -2) [Ru sacrifice]
 10951 | Orc:1    | Reached ***** piety under Ru
 11038 | Orc:1    | Reached skill level 14 in Unarmed Combat
 11126 | Orc:1    | Found Reidumn's Book Boutique.
 11323 | Orc:1    | Noticed an orc high priest
 11385 | Orc:1    | Killed an orc high priest
 11697 | Orc:2    | Entered Level 2 of the Orcish Mines
 11817 | Orc:2    | Found Posuif's Jewellery Boutique.
 11829 | Orc:2    | Bought a +5 ring of slaying for 1364 gold pieces
 11976 | Orc:2    | Noticed an orc warlord
 12015 | Orc:2    | Killed an orc warlord
 12015 | Orc:2    | Reached skill level 1 in Throwing
 12120 | Orc:2    | Reached skill level 15 in Unarmed Combat
 12126 | Orc:2    | Noticed an orc high priest
 12138 | Orc:2    | Killed an orc high priest
 12305 | Orc:2    | Found a staircase to the Elven Halls.
 12361 | Orc:2    | Noticed an orc high priest
 12361 | Orc:2    | Noticed an orc high priest
 12364 | Orc:2    | Killed an orc high priest
 12364 | Orc:2    | Reached XP level 13. HP: 121/131 MP: 10/10
 12660 | Orc:2    | Reached skill level 16 in Unarmed Combat
 12710 | Orc:2    | Found Cymoasou's Assorted Antiques.
 12712 | Orc:2    | Found Naoxoc's Assorted Antiques.
 12712 | Orc:2    | Found Xoukae's Jewellery Emporium.
 12713 | Orc:2    | Found Pomit's Weapon Emporium.
 12723 | Orc:2    | Bought a scroll labeled ZYQ LUNOZXUETS for 33 gold pieces
 12726 | Orc:2    | Bought a coppery potion for 22 gold pieces
 12726 | Orc:2    | Bought a scroll labeled NEOLOE WATUA for 25 gold pieces
 12727 | Orc:2    | Gained mutation: You occasionally shout uncontrollably at
                  | your foes. [Ru sacrifice]
 13032 | Orc:1    | Found a runed door.
 13197 | Orc:1    | Found a roughly hewn altar of Beogh.
 13333 | Orc:1    | Bought a book of Cantrips for 280 gold pieces
 13336 | Orc:1    | Learned a level 1 spell: Confusing Touch
 13448 | D:13     | Found a flagged portal.
 13471 | Bailey   | Entered a bailey
 13571 | Bailey   | Reached skill level 1 in Hexes
 13608 | Bailey   | Got a polished great sword
 13838 | Bailey   | Got a transparent golden ring
 13854 | Bailey   | Identified the ring "Irrimo" {MP+9 Int+6 Dex+3} (You found
                  | it in a bailey)
 14354 | D:13     | Noticed Urug
 14363 | D:13     | Killed Urug
 14843 | D:14     | Gained mutation: You are hated by all. [Ru sacrifice]
 14969 | D:14     | Reached skill level 10 in Fighting
 15444 | D:14     | Reached XP level 14. HP: 84/144 MP: 11/11
 15667 | D:14     | Found a gate to the Vaults.
 15754 | D:14     | Found Cigeuju's Weapon Shoppe.
 16043 | D:15     | Entered Level 15 of the Dungeon
 16086 | D:15     | Reached skill level 5 in Hexes
 16090 | D:15     | Noticed Kirke
 16102 | D:15     | Killed Kirke
 16265 | D:15     | Found a shadowy altar of Dithmenos.
 16896 | D:15     | Found a staircase to the Depths.
 17453 | Depths:1 | Entered Level 1 of the Depths
 17453 | Depths:1 | Noticed a stone giant
 17459 | Depths:1 | Noticed a stone giant
 17461 | Depths:1 | Killed a stone giant
 17481 | Depths:1 | Killed a stone giant
 17481 | Depths:1 | Noticed a stone giant
 17489 | Depths:1 | Killed a stone giant
 17489 | Depths:1 | Reached XP level 15. HP: 90/158 MP: 12/12
 17813 | Depths:1 | Noticed a fire giant
 17834 | Depths:1 | Killed a fire giant
 17899 | Depths:1 | Found a gateway to a ziggurat.
 17924 | Depths:1 | Reached skill level 17 in Unarmed Combat
 17926 | Depths:1 | Noticed a sphinx
 17926 | Depths:1 | Noticed a sphinx
 17942 | Depths:1 | Killed a sphinx
 17953 | Depths:1 | Killed a sphinx
 17958 | Depths:1 | Noticed a sphinx
 17976 | Depths:1 | HP: 4/161 [sphinx (19)]
 17983 | Depths:1 | Killed a sphinx
 18270 | Depths:1 | Noticed a sphinx
 18280 | Depths:1 | Killed a sphinx
 18504 | Depths:1 | Found a gateway to Hell.
 18673 | Depths:1 | Reached skill level 18 in Unarmed Combat
 19015 | Depths:2 | Found a flickering gateway to a bazaar.
 19031 | Bazaar   | Entered a bazaar
 19042 | Bazaar   | Found Weommyge's Antique Weapon Emporium.
 19045 | Bazaar   | Found Retrusuj's Book Emporium.
 19071 | Bazaar   | Found Fets's Gadget Emporium.
 19080 | Bazaar   | Found Fuiket's Antique Armour Shop.
 19195 | Depths:2 | Reached XP level 16. HP: 171/171 MP: 13/13
 19410 | Lair:1   | Entered Level 1 of the Lair of Beasts
 19514 | Lair:1   | Found a gate leading to a gauntlet.
 19587 | Gauntlet | Entered a Gauntlet
 19587 | Gauntlet | Found a transporter.
 19587 | Gauntlet | Found a transporter.
 19603 | Gauntlet | Found a transporter.
 19607 | Gauntlet | Found a transporter.
 19618 | Gauntlet | Found a transporter.
 19639 | Gauntlet | Found a transporter.
 19645 | Gauntlet | Found a transporter.
 19653 | Gauntlet | Found a transporter.
 19671 | Gauntlet | Found a transporter.
 19679 | Gauntlet | Found a transporter.
 19696 | Gauntlet | Found a transporter.
 19727 | Gauntlet | Found a transporter.
 19803 | Gauntlet | Got a slimy iron ring
 19808 | Gauntlet | Identified the ring of Xiameat {*Tele rElec MR+ Int+3} (You
                  | found it in a Gauntlet)
 19991 | Gauntlet | Got a crude golden amulet
 20005 | Gauntlet | Identified the +7 dagger of Vurph {holy, *Corrode Str+2
                  | Int+5}
 20005 | Gauntlet | Identified the +8 shortbow of Opsutte {flame, rElec}
 20855 | Lair:2   | Got a dull robe
 21123 | Lair:2   | Reached skill level 19 in Unarmed Combat
 21539 | Lair:3   | Got a steaming ivory amulet
 21610 | Lair:3   | Found a runed gate.
 21610 | Lair:3   | Found a runed gate.
 21614 | Lair:3   | Found a runed gate.
 21622 | Lair:3   | Noticed Dayhas's ghost (journeyman GrEE)
 21651 | Lair:3   | Noticed Neqiobe's ghost (journeyman GrEE)
 21657 | Lair:3   | Killed Neqiobe's ghost
 21663 | Lair:3   | Killed Dayhas's ghost
 21713 | Lair:3   | Noticed Gastronok
 21726 | Lair:3   | Killed Gastronok
 22311 | Lair:4   | Found a snail-covered altar of Cheibriados.
 22392 | Lair:4   | Found a staircase to the Snake Pit.
 22423 | Lair:4   | Noticed Sonja
 22428 | Lair:4   | Killed Sonja
 22517 | Lair:4   | Found a staircase to the Swamp.
 23299 | Lair:5   | Identified the amulet "Omukkiuj" {Acrobat rElec Stlth+}
                  | (You found it in a Gauntlet)
 23300 | Lair:5   | Identified the amulet "Mefuniu Cudo" {RegenMP rN+ Str+2
                  | Dex+4} (You found it on level 3 of the Lair of Beasts)
 23301 | Lair:5   | Identified the cursed +1 robe of Supple Strength {Int+4}
                  | (You found it on level 2 of the Lair of Beasts)
 23658 | Lair:5   | Found a staircase to the Slime Pits.
 23985 | Lair:6   | Entered Level 6 of the Lair of Beasts
 24013 | Lair:6   | Reached skill level 20 in Unarmed Combat
 24267 | Lair:6   | Noticed Josephine
 24276 | Lair:6   | Killed Josephine
 24303 | Lair:5   | Reached XP level 17. HP: 33/182 MP: 5/14
 25273 | Swamp:1  | Entered Level 1 of the Swamp
 25651 | Swamp:1  | Found a frozen archway.
 25690 | IceCv    | Entered an ice cave
 26157 | IceCv    | HP: 7/182 [golden dragon simulacrum (13)]
 26157 | IceCv    | HP: 2/182 [golden dragon simulacrum (5)]
 26157 | IceCv    | Annihilated by a golden dragon simulacrum

Vault maps used:
D:1:      eino_arrival_tree_alley, serial_rivers, chequers_serial_rivers_room_a,
          chequers_serial_rivers_large_b, chequers_serial_rivers_small_a,
          chequers_serial_rivers_micro_c
D:2:      minmay_inner_zag, grunt_temple_overflow_opulence, serial_bayou_pond_e,
          uniq_sigmund
D:3:      first_ration
D:4:      grunt_temple_overflow_growth_and_decay, uniq_crazy_yiuf_cottage
D:5:      uniq_eustachio, uniq_blork_the_orc
D:6:      kennysheep_little_box, grunt_temple_overflow_cloverleaf
D:7:      minmay_temple_entry_glassed_door, serial_shops, nicolae_shop_trees
D:9:      dpeg_lair_monsters
D:10:     gammafunk_ghost_grave
D:11:     serial_shops, shop, grunt_pizzeria
D:12:     david_orc_2
D:13:     enter_bailey_3, kennysheep_nub, uniq_urug
D:14:     grunt_vaults_entry_fortified, nicolae_two_hexagons, serial_shops, shop
D:15:     gammafunk_enter_depths_forms, serial_ice, serial_ice_h, serial_ice_k,
          serial_ice_e, serial_ice_d, serial_ice_g, serial_ice_o, basic_altar,
          nrook_guardian_serpent_ordinary, uniq_kirke
Lair:1:   lemuel_ratsnest, gauntlet_entry_generic, kennysheep_rathole
Lair:2:   st_stairs_8
Lair:3:   gammafunk_ghost_cemetery, serial_bayou_shore_a, grunt_megastairs_1,
          infiniplex_staircase_pool_2, uniq_gastronok
Lair:4:   minmay_swamp_entry_eels, minmay_snake_entry_guardpost_medium,
          ldierk_geyser, kennysheep_snail_temple, uniq_sonja
Lair:5:   minmay_slime_entry_jelly_boxes, nicolae_quartered_pool_super,
          mumra_transporter_accident, beast_lair_carwin_2
Lair:6:   minmay_lair_end_enchanted_forest, bobbens_ice_dragon_lair,
          uniq_josephine
Swamp:1:  portal_ice_cave_entry_ice_statue_two, hangedman_swamp_ruin_wall
Orc:1:    serial_shops, nicolae_shop_waterfront, shop_statue,
          lightli_church_of_beogh
Orc:2:    st_orc_pillars, minmay_shop_enchanted_jewellery
Depths:1: minmay_slanted_spiral_squares, enter_ziggurat_e,
          grunt_hell_entry_dis_grunt, special_room, serial_bayou_lagoon_a,
          lemuel_old_faithful
Depths:2: kennysheep_spiral_hall, serial_shops, bzr_entry_islet,
          grunt_hell_horde, minmay_misc_feat_roman
Bazaar:   bazaar_kb_twisted_cavern
Bailey:   bailey_polearm_4, bailey
IceCv:    ice_cave_caverns_03
Gauntlet: gammafunk_gauntlet_shortcut

Skill      XL: |  1  2  3  4  5  6  7  8  9 10 11 12 13 14 15 16 |
---------------+-------------------------------------------------+-----
Unarmed Combat | 4 6 7 9 12 15 16 18 20 | 20.9
Dodging        | 3 |  3.6
Shields        | 3 4 7 9 |  9.0
Fighting       | 3 6 8 9 10 12 13 14 | 14.5
Maces & Flails | 2 |  2.5
Throwing       | 1 |  1.1
Hexes          | 4 6 |  6.3
Stealth        | |  0.6

Action                   |  1- 3 |  4- 6 |  7- 9 | 10-12 | 13-15 | 16-18 || total
-------------------------+-------+-------+-------+-------+-------+-------++-------
Melee: Unarmed           |   113 |   114 |    62 |   704 |   856 |   833 ||  2682
       Mace              |       |       |   212 |    75 |    21 |    19 ||   327
Throw: Tomahawk          |       |       |    24 |    19 |    29 |       ||    72
       Throwing net      |       |       |     2 |     1 |     2 |       ||     5
       Large rock        |       |       |       |     2 |     8 |     1 ||    11
 Cast: Confusing Touch   |       |       |       |       |     6 |     4 ||    10
Invok: Sacrifice Artific |       |       |     1 |       |       |       ||     1
       Power Leap        |       |       |       |     3 |     2 |     6 ||    11
       Sacrifice Words   |       |       |       |     1 |       |       ||     1
       Sacrifice Essence |       |       |       |     1 |       |       ||     1
       Apocalypse        |       |       |       |     1 |     4 |     1 ||     6
       Sacrifice Purity  |       |       |       |     1 |     1 |       ||     2
       Draw Out Power    |       |       |       |     1 |     3 |     1 ||     5
       Sacrifice Love    |       |       |       |       |     1 |       ||     1
       Reject Sacrifices |       |       |       |       |     1 |     1 ||     2
  Use: Potion            |     2 |       |       |     3 |     2 |     4 ||    11
       Scroll            |       |       |     6 |     2 |     5 |     7 ||    20
 Stab: Sleeping          |     2 |     1 |     1 |     1 |       |       ||     5
       Invisible         |       |       |       |     3 |     8 |     4 ||    15
       Paralysed         |       |       |       |       |    17 |     6 ||    23
       Distracted        |       |       |       |       |     6 |     2 ||     8
       Confused          |       |       |       |       |     4 |       ||     4
  Eat: Chunk             |    17 |    18 |    31 |    67 |    67 |    59 ||   259
       Ration            |       |       |       |     1 |       |       ||     1
Armor: Robe              |    26 |    22 |    51 |    35 |       |       ||   134
       Troll leather arm |       |       |       |    21 |       |       ||    21
       Pearl dragon scal |       |       |       |    57 |   188 |   195 ||   440
       Skin              |       |       |       |       |       |     8 ||     8
Dodge: Dodged            |    27 |    25 |   107 |   135 |   133 |   154 ||   581
       Deflected         |     2 |       |     6 |       |    22 |     6 ||    36
Block: Shield            |    40 |    39 |   199 |   389 |   515 |   547 ||  1729
       Reflection        |       |       |       |    10 |    48 |     6 ||    64

Table legend:
 A = Non-vault XP
 B = Vault XP
 C = Vault XP percentage of total XP
 D = Non-vault monster count
 E = Vault monster count
 F = Vault count percentage of total count
                 A         B        C        D         E       F
            +---------+---------+-------+---------+---------+-------
      Total |  140690 |   94428 |  40.2 |     658 |     376 |  36.4
            +---------+---------+-------+---------+---------+-------
        D:1 |      44 |       0 |   0.0 |      25 |       0 |   0.0
        D:2 |      30 |     225 |  88.2 |      14 |       5 |  26.3
        D:3 |      59 |       0 |   0.0 |      17 |       0 |   0.0
        D:4 |     350 |      40 |  10.3 |      15 |       1 |   6.2
        D:5 |     568 |     302 |  34.7 |      16 |       2 |  11.1
        D:6 |     621 |       0 |   0.0 |      20 |       0 |   0.0
        D:7 |     864 |       0 |   0.0 |      12 |       0 |   0.0
        D:8 |    3562 |       0 |   0.0 |      44 |       0 |   0.0
        D:9 |    1150 |    4326 |  79.0 |      27 |       5 |  15.6
       D:10 |    1509 |     975 |  39.3 |      13 |       1 |   7.1
       D:11 |    4550 |     234 |   4.9 |      35 |       1 |   2.8
       D:12 |    5667 |     146 |   2.5 |      28 |       6 |  17.6
       D:13 |    3103 |     856 |  21.6 |      29 |       5 |  14.7
       D:14 |   12744 |    6071 |  32.3 |      34 |      10 |  22.7
       D:15 |   17283 |    9778 |  36.1 |      39 |      29 |  42.6
     Lair:1 |    4561 |     747 |  14.1 |      16 |      48 |  75.0
     Lair:2 |    7201 |       0 |   0.0 |      22 |       0 |   0.0
     Lair:3 |    6197 |    4964 |  44.5 |      37 |       5 |  11.9
     Lair:4 |    6963 |    2706 |  28.0 |      22 |      10 |  31.2
     Lair:5 |    3534 |    2321 |  39.6 |      13 |      19 |  59.4
     Lair:6 |   11728 |   12811 |  52.2 |      36 |      61 |  62.9
    Swamp:1 |    7191 |     864 |  10.7 |      18 |       2 |  10.0
      Orc:1 |    5567 |    1547 |  21.7 |      41 |      15 |  26.8
      Orc:2 |    3502 |    8581 |  71.0 |      34 |      57 |  62.6
   Depths:1 |   28829 |   26163 |  47.6 |      46 |      34 |  42.5
   Depths:2 |    3313 |       0 |   0.0 |       5 |       0 |   0.0
     Bailey |       0 |    2710 | 100.0 |       0 |      14 | 100.0
      IceCv |       0 |    4373 | 100.0 |       0 |      36 | 100.0
   Gauntlet |       0 |    3688 | 100.0 |       0 |      10 | 100.0
            +---------+---------+-------+---------+---------+-------
